[Event "Tata Steel Chess, Group A"]
[Site "Wijk aan Zee, The Netherlands"]
[Date "2011.01.15"]
[Round "1"]
[White "Carlsen, Magnus"]
[Black "Aronian, Levon"]
[Result "1/2-1/2"]
[ECO "C45"]
[WhiteElo "2814"]
[BlackElo "2805"]
[PlyCount "55"]
[EventDate "2011.01.14"]
[EventType "tourn"]
[EventRounds "13"]
[EventCountry "NED"]
[EventCategory "20"]
[Source "Wijk aan Zee"]
[SourceDate "2011.01.30"]
[WhiteTeam "Norway"]
[BlackTeam "Armenia"]
[WhiteTeamCountry "NOR"]
[BlackTeamCountry "ARM"]
[TimeControl "40/6000+30:20/3000+30:900+30"]

1. e4 e5 2. Nf3 Nc6 3. d4 exd4 4. Nxd4 Nf6 5. Nxc6 bxc6 6. e5 Qe7 7. Qe2 Nd5 8.
c4 Ba6 9. Nd2 g6 10. b3 Bg7 11. Bb2 Nb4 12. O-O-O Nxa2+ 13. Kb1 Nb4 14. Ne4 O-O
15. Qf3 Rfe8 16. Nf6+ Bxf6 17. exf6 Qc5 18. h4 d5 19. Qf4 dxc4 20. bxc4 Rab8
21. Qh6 Qf8 22. Qxf8+ Kxf8 23. h5 Bc8 24. hxg6 fxg6 25. Rxh7 Bf5+ 26. Ka1 Nc2+
27. Ka2 Nb4+ 28. Ka1 1/2-1/2

[Event "Tata Steel Chess, Group A"]
[Site "Wijk aan Zee, The Netherlands"]
[Date "2011.01.15"]
[Round "1"]
[White "L'Ami, Erwin"]
[Black "Giri, Anish"]
[Result "1/2-1/2"]
[ECO "D16"]
[WhiteElo "2628"]
[BlackElo "2686"]
[PlyCount "115"]
[EventDate "2011.01.14"]
[EventType "tourn"]
[EventRounds "13"]
[EventCountry "NED"]
[EventCategory "20"]
[Source "Wijk aan Zee"]
[SourceDate "2011.01.30"]
[WhiteTeam "Netherlands"]
[BlackTeam "Netherlands"]
[WhiteTeamCountry "NED"]
[BlackTeamCountry "NED"]
[TimeControl "40/6000+30:20/3000+30:900+30"]

1. d4 d5 2. c4 c6 3. Nf3 Nf6 4. Nc3 dxc4 5. a4 e6 6. e3 c5 7. Bxc4 Nc6 8. O-O
cxd4 9. Nxd4 Bd7 10. e4 Be7 11. Be3 O-O 12. Nb3 Na5 13. Be2 Bc6 14. Qxd8 Bxd8
15. Nd2 Be7 16. f3 Bb4 17. Rfc1 Nd7 18. Rab1 Nc5 19. b3 Rfc8 20. Rc2 Be8 21.
Nb5 Bxb5 22. axb5 Bxd2 23. Rxd2 Ncxb3 24. Rdb2 Nc5 25. Ra2 b6 26. Rc2 Nab7 27.
e5 Nd7 28. Rxc8+ Rxc8 29. f4 Ndc5 30. Rd1 Kf8 31. Bf3 Na5 32. g4 Ke8 33. Rc1
Rc7 34. Kg2 Kd8 35. Rc2 Nd7 36. Rxc7 Kxc7 37. Be2 Nc5 38. h4 Kd7 39. h5 Ke7 40.
Kf3 Nab7 41. Bd4 Kf8 42. f5 exf5 43. gxf5 g6 44. Kf4 gxf5 45. Kxf5 h6 46. Bc4
Nd8 47. Be3 Kg7 48. Bxc5 bxc5 49. Ke4 Kf8 50. Kd5 Ke7 51. Kxc5 Kd7 52. Kb4 Ne6
53. Bxe6+ Kxe6 54. Ka5 Kd5 55. Ka6 Kc5 56. Ka5 Kc4 57. Ka6 Kc5 58. Ka5 1/2-1/2

[Event "Tata Steel Chess, Group A"]
[Site "Wijk aan Zee, The Netherlands"]
[Date "2011.01.15"]
[Round "1"]
[White "Nakamura, Hikaru"]
[Black "Grischuk, Alexander"]
[Result "1-0"]
[ECO "D38"]
[WhiteElo "2751"]
[BlackElo "2773"]
[PlyCount "83"]
[EventDate "2011.01.14"]
[EventType "tourn"]
[EventRounds "13"]
[EventCountry "NED"]
[EventCategory "20"]
[Source "Wijk aan Zee"]
[SourceDate "2011.01.30"]
[WhiteTeam "US of America"]
[BlackTeam "Russia"]
[WhiteTeamCountry "USA"]
[BlackTeamCountry "RUS"]
[TimeControl "40/6000+30:20/3000+30:900+30"]

1. d4 Nf6 2. c4 e6 3. Nc3 Bb4 4. Nf3 d5 5. cxd5 exd5 6. Bg5 Nbd7 7. e3 c5 8.
dxc5 Qa5 9. Rc1 Bxc3+ 10. bxc3 O-O 11. Nd4 Qxc5 12. Bd3 Ne4 13. Bf4 Nb6 14. Qc2
h6 15. f3 Nf6 16. g4 Re8 17. Kf2 Nc4 18. h4 Bxg4 19. Bxc4 dxc4 20. fxg4 Nxg4+
21. Kf3 Ne5+ 22. Bxe5 Rxe5 23. Kf2 Rae8 24. Rh3 b5 25. Rg1 Re4 26. Qd1 b4 27.
Qf3 Rxe3 28. Rxg7+ Kxg7 29. Qg4+ Kf8 30. Rxe3 Rxe3 31. Kxe3 bxc3 32. Ke2 Qe5+
33. Kd1 Qh2 34. Ne2 Qd6+ 35. Qd4 Qxd4+ 36. Nxd4 Kg7 37. Nc6 a6 38. Nb8 a5 39.
a4 Kf6 40. Nc6 Ke6 41. Nxa5 Kd5 42. Kc2 1-0

[Event "Tata Steel Chess, Group A"]
[Site "Wijk aan Zee, The Netherlands"]
[Date "2011.01.15"]
[Round "1"]
[White "Nepomniachtchi, Ian"]
[Black "Kramnik, Vladimir"]
[Result "1/2-1/2"]
[ECO "C45"]
[WhiteElo "2733"]
[BlackElo "2784"]
[PlyCount "72"]
[EventDate "2011.01.14"]
[EventType "tourn"]
[EventRounds "13"]
[EventCountry "NED"]
[EventCategory "20"]
[Source "Wijk aan Zee"]
[SourceDate "2011.01.30"]
[WhiteTeam "Russia"]
[BlackTeam "Russia"]
[WhiteTeamCountry "RUS"]
[BlackTeamCountry "RUS"]
[TimeControl "40/6000+30:20/3000+30:900+30"]

1. e4 e5 2. Nf3 Nc6 3. d4 exd4 4. Nxd4 Nf6 5. Nxc6 bxc6 6. e5 Qe7 7. Qe2 Nd5 8.
c4 Nb6 9. Nc3 Bb7 10. Bf4 g6 11. h4 Bg7 12. O-O-O O-O 13. h5 Rae8 14. Re1 Ba6
15. Qe4 Qc5 16. Bg3 Bxc4 17. hxg6 fxg6 18. Na4 Nxa4 19. Qxc4+ Kh8 20. Rh4 d5
21. Qc2 Qxc2+ 22. Kxc2 Nc5 23. f3 g5 24. Rg4 Rf5 25. Bd3 Nxd3 26. Kxd3 h5 27.
Rh1 h4 28. f4 Kg8 29. Bh2 c5 30. b3 Kf7 31. Rxg5 Rxg5 32. fxg5 Kg6 33. Bf4 Rh8
34. e6 Re8 35. Re1 Kf5 36. Bxc7 Rxe6 1/2-1/2

[Event "Tata Steel Chess, Group A"]
[Site "Wijk aan Zee, The Netherlands"]
[Date "2011.01.15"]
[Round "1"]
[White "Ponomariov, Ruslan"]
[Black "Anand, Viswanathan"]
[Result "0-1"]
[ECO "B92"]
[WhiteElo "2744"]
[BlackElo "2810"]
[PlyCount "104"]
[EventDate "2011.01.14"]
[EventType "tourn"]
[EventRounds "13"]
[EventCountry "NED"]
[EventCategory "20"]
[Source "Wijk aan Zee"]
[SourceDate "2011.01.30"]
[WhiteTeam "Ukraine"]
[BlackTeam "India"]
[WhiteTeamCountry "UKR"]
[BlackTeamCountry "IND"]
[TimeControl "40/6000+30:20/3000+30:900+30"]

1. e4 c5 2. Nf3 d6 3. d4 cxd4 4. Nxd4 Nf6 5. Nc3 a6 6. Be2 e5 7. Nb3 Be7 8. O-O
O-O 9. Be3 Be6 10. Nd5 Nbd7 11. Qd3 Bxd5 12. exd5 Nc5 13. Qd2 Nfe4 14. Qb4 a5
15. Qb5 Qc7 16. Qc4 Rac8 17. Rfd1 f5 18. c3 Qd8 19. Qb5 b6 20. Nd2 Nxd2 21.
Bxd2 Bf6 22. Rab1 e4 23. b4 Nd7 24. Rb3 Be5 25. a3 Rf7 26. c4 axb4 27. axb4 Ra8
28. Bc3 Bxc3 29. Rxc3 Ra2 30. Re3 g6 31. Bf1 Qf6 32. Rde1 Kg7 33. R3e2 Ra3 34.
Qc6 h5 35. Re3 Ra7 36. h3 h4 37. Rb3 Ra2 38. Rbe3 g5 39. R3e2 Ra7 40. Qc8 Ne5
41. Rc2 Rf8 42. Qe6 Qd8 43. c5 bxc5 44. bxc5 Rf6 45. Qxe5 dxe5 46. d6 g4 47.
hxg4 fxg4 48. g3 hxg3 49. fxg3 Qa5 50. Rec1 Qa3 51. Rc3 Qb2 52. R1c2 Qb4 0-1

[Event "Tata Steel Chess, Group A"]
[Site "Wijk aan Zee, The Netherlands"]
[Date "2011.01.15"]
[Round "1"]
[White "Smeets, Jan"]
[Black "Shirov, Alexei"]
[Result "1-0"]
[ECO "C78"]
[WhiteElo "2662"]
[BlackElo "2722"]
[PlyCount "49"]
[EventDate "2011.01.14"]
[EventType "tourn"]
[EventRounds "13"]
[EventCountry "NED"]
[EventCategory "20"]
[Source "Wijk aan Zee"]
[SourceDate "2011.01.30"]
[WhiteTeam "Netherlands"]
[BlackTeam "Spain"]
[WhiteTeamCountry "NED"]
[BlackTeamCountry "ESP"]
[TimeControl "40/6000+30:20/3000+30:900+30"]

1. e4 e5 2. Nf3 Nc6 3. Bb5 a6 4. Ba4 Nf6 5. O-O b5 6. Bb3 Bc5 7. a4 Rb8 8. c3
d6 9. d4 Bb6 10. axb5 axb5 11. Na3 O-O 12. Nxb5 Bg4 13. Re1 Bxf3 14. gxf3 Nh5
15. Kh1 Qf6 16. Rg1 exd4 17. Bg5 Qe5 18. Bd5 dxc3 19. Bxc6 cxb2 20. Rb1 Bxf2
21. Rg2 Rb6 22. Bd7 Bc5 23. Na7 Ra8 24. Nc6 Rxc6 25. Bxc6 1-0

[Event "Tata Steel Chess, Group A"]
[Site "Wijk aan Zee, The Netherlands"]
[Date "2011.01.15"]
[Round "1"]
[White "Vachier Lagrave, Maxime"]
[Black "Wang Hao"]
[Result "1/2-1/2"]
[ECO "D19"]
[WhiteElo "2715"]
[BlackElo "2731"]
[PlyCount "74"]
[EventDate "2011.01.14"]
[EventType "tourn"]
[EventRounds "13"]
[EventCountry "NED"]
[EventCategory "20"]
[Source "Wijk aan Zee"]
[SourceDate "2011.01.30"]
[WhiteTeam "France"]
[BlackTeam "China"]
[WhiteTeamCountry "FRA"]
[BlackTeamCountry "CHN"]
[TimeControl "40/6000+30:20/3000+30:900+30"]

1. d4 d5 2. c4 c6 3. Nf3 Nf6 4. Nc3 dxc4 5. a4 Bf5 6. e3 e6 7. Bxc4 Bb4 8. O-O
Nbd7 9. Qe2 O-O 10. e4 Bg6 11. Bd3 Bh5 12. e5 Nd5 13. Nxd5 cxd5 14. Qe3 Be7 15.
Bd2 Nb8 16. a5 a6 17. Rfc1 Nc6 18. Ne1 Qd7 19. Bc2 Qd8 20. Qh3 Bg6 21. Bxg6
hxg6 22. Qg4 Rc8 23. Nf3 Qd7 24. Bg5 Bb4 25. Qh4 Ne7 26. g4 Rxc1+ 27. Rxc1 Rc8
28. Kg2 Nc6 29. Rd1 Bxa5 30. Rd3 Nb4 31. Rb3 Qb5 32. Be7 Nd3 33. Rxb5 Nf4+ 34.
Kg3 Ne2+ 35. Kh3 Nf4+ 36. Kg3 Ne2+ 37. Kg2 Nf4+ 1/2-1/2

[Event "Tata Steel Chess, Group A"]
[Site "Wijk aan Zee, The Netherlands"]
[Date "2011.01.16"]
[Round "2"]
[White "Anand, Viswanathan"]
[Black "Kramnik, Vladimir"]
[Result "1/2-1/2"]
[ECO "E36"]
[WhiteElo "2810"]
[BlackElo "2784"]
[PlyCount "45"]
[EventDate "2011.01.14"]
[EventType "tourn"]
[EventRounds "13"]
[EventCountry "NED"]
[EventCategory "20"]
[Source "Wijk aan Zee"]
[SourceDate "2011.01.30"]
[WhiteTeam "India"]
[BlackTeam "Russia"]
[WhiteTeamCountry "IND"]
[BlackTeamCountry "RUS"]
[TimeControl "40/6000+30:20/3000+30:900+30"]

1. d4 Nf6 2. c4 e6 3. Nc3 Bb4 4. Qc2 O-O 5. a3 Bxc3+ 6. Qxc3 d5 7. Nf3 dxc4 8.
Qxc4 b6 9. Bg5 Bb7 10. Rc1 c5 11. dxc5 h6 12. Bf4 Bd5 13. Qc2 Nbd7 14. Bd6 Nxc5
15. Bxf8 Qxf8 16. e3 Nb3 17. Bc4 Nxc1 18. Bxd5 Nxd5 19. Qxc1 Rc8 20. Qb1 Qc5
21. O-O Qc2 22. Qxc2 Rxc2 23. Rb1 1/2-1/2

[Event "Tata Steel Chess, Group A"]
[Site "Wijk aan Zee, The Netherlands"]
[Date "2011.01.16"]
[Round "2"]
[White "Aronian, Levon"]
[Black "Nakamura, Hikaru"]
[Result "1/2-1/2"]
[ECO "A89"]
[WhiteElo "2805"]
[BlackElo "2751"]
[PlyCount "33"]
[EventDate "2011.01.14"]
[EventType "tourn"]
[EventRounds "13"]
[EventCountry "NED"]
[EventCategory "20"]
[Source "Wijk aan Zee"]
[SourceDate "2011.01.30"]
[WhiteTeam "Armenia"]
[BlackTeam "US of America"]
[WhiteTeamCountry "ARM"]
[BlackTeamCountry "USA"]
[TimeControl "40/6000+30:20/3000+30:900+30"]

1. d4 f5 2. g3 Nf6 3. Bg2 g6 4. Nf3 Bg7 5. O-O O-O 6. c4 d6 7. Nc3 Nc6 8. d5
Na5 9. Nd2 c5 10. Rb1 e5 11. dxe6 Bxe6 12. b3 d5 13. cxd5 Nxd5 14. Nxd5 Bxd5
15. Ba3 Bxg2 16. Kxg2 Nc6 17. Nf3 1/2-1/2

[Event "Tata Steel Chess, Group A"]
[Site "Wijk aan Zee, The Netherlands"]
[Date "2011.01.16"]
[Round "2"]
[White "Giri, Anish"]
[Black "Smeets, Jan"]
[Result "1/2-1/2"]
[ECO "D44"]
[WhiteElo "2686"]
[BlackElo "2662"]
[PlyCount "76"]
[EventDate "2011.01.14"]
[EventType "tourn"]
[EventRounds "13"]
[EventCountry "NED"]
[EventCategory "20"]
[Source "Wijk aan Zee"]
[SourceDate "2011.01.30"]
[WhiteTeam "Netherlands"]
[BlackTeam "Netherlands"]
[WhiteTeamCountry "NED"]
[BlackTeamCountry "NED"]
[TimeControl "40/6000+30:20/3000+30:900+30"]

1. d4 d5 2. c4 c6 3. Nf3 Nf6 4. Nc3 e6 5. Bg5 dxc4 6. e4 b5 7. e5 h6 8. Bh4 g5
9. Nxg5 hxg5 10. Bxg5 Nbd7 11. exf6 Bb7 12. g3 c5 13. d5 Qb6 14. Bg2 O-O-O 15.
O-O b4 16. Na4 Qb5 17. a3 exd5 18. axb4 cxb4 19. Bf4 Bh6 20. Bd6 Bf8 21. Be7
Bxe7 22. fxe7 Rde8 23. Qd4 Rh6 24. b3 Rxe7 25. Rfc1 Ne5 26. Nc5 c3 27. Rxa7 Nc6
28. Qg4+ Rhe6 29. Nxe6 fxe6 30. Ra4 Qc5 31. Qg8+ Kd7 32. Bf1 d4 33. Bc4 Na5 34.
Qb8 Qc6 35. f3 Nxc4 36. Rxb4 Nb6 37. Rxd4+ Nd5 38. Qe5 Qc7 1/2-1/2

[Event "Tata Steel Chess, Group A"]
[Site "Wijk aan Zee, The Netherlands"]
[Date "2011.01.16"]
[Round "2"]
[White "Grischuk, Alexander"]
[Black "Vachier Lagrave, Maxime"]
[Result "1/2-1/2"]
[ECO "B31"]
[WhiteElo "2773"]
[BlackElo "2715"]
[PlyCount "53"]
[EventDate "2011.01.14"]
[EventType "tourn"]
[EventRounds "13"]
[EventCountry "NED"]
[EventCategory "20"]
[Source "Wijk aan Zee"]
[SourceDate "2011.01.30"]
[WhiteTeam "Russia"]
[BlackTeam "France"]
[WhiteTeamCountry "RUS"]
[BlackTeamCountry "FRA"]
[TimeControl "40/6000+30:20/3000+30:900+30"]

1. e4 c5 2. Nf3 Nc6 3. Nc3 g6 4. Bb5 Bg7 5. O-O Nf6 6. Bxc6 dxc6 7. h3 Nd7 8.
d3 Nf8 9. Ne2 b6 10. Nh2 Ne6 11. Rb1 O-O 12. Be3 Nd4 13. Qd2 e5 14. Nxd4 cxd4
15. Bh6 Be6 16. b3 Qd6 17. Bxg7 Kxg7 18. f4 f6 19. Rf3 exf4 20. Rxf4 Rf7 21.
Rbf1 Raf8 22. Nf3 h6 23. Nh4 Kh7 24. R4f3 c5 25. Qe1 f5 26. exf5 Bxf5 27. Nxf5
1/2-1/2

[Event "Tata Steel Chess, Group A"]
[Site "Wijk aan Zee, The Netherlands"]
[Date "2011.01.16"]
[Round "2"]
[White "Ponomariov, Ruslan"]
[Black "L'Ami, Erwin"]
[Result "1/2-1/2"]
[ECO "E59"]
[WhiteElo "2744"]
[BlackElo "2628"]
[PlyCount "41"]
[EventDate "2011.01.14"]
[EventType "tourn"]
[EventRounds "13"]
[EventCountry "NED"]
[EventCategory "20"]
[Source "Wijk aan Zee"]
[SourceDate "2011.01.30"]
[WhiteTeam "Ukraine"]
[BlackTeam "Netherlands"]
[WhiteTeamCountry "UKR"]
[BlackTeamCountry "NED"]
[TimeControl "40/6000+30:20/3000+30:900+30"]

1. Nf3 Nf6 2. c4 e6 3. Nc3 d5 4. d4 Bb4 5. e3 O-O 6. Bd3 c5 7. O-O Nc6 8. a3
Bxc3 9. bxc3 dxc4 10. Bxc4 Qc7 11. Bb2 e5 12. h3 Bf5 13. Bb5 e4 14. Nd2 Rad8
15. Rc1 Bg6 16. Re1 Rd5 17. Be2 Re8 18. c4 Rdd8 19. d5 Ne5 20. a4 Re7 21. Nf1
1/2-1/2

[Event "Tata Steel Chess, Group A"]
[Site "Wijk aan Zee, The Netherlands"]
[Date "2011.01.16"]
[Round "2"]
[White "Shirov, Alexei"]
[Black "Carlsen, Magnus"]
[Result "1/2-1/2"]
[ECO "C45"]
[WhiteElo "2722"]
[BlackElo "2814"]
[PlyCount "55"]
[EventDate "2011.01.14"]
[EventType "tourn"]
[EventRounds "13"]
[EventCountry "NED"]
[EventCategory "20"]
[Source "Wijk aan Zee"]
[SourceDate "2011.01.30"]
[WhiteTeam "Spain"]
[BlackTeam "Norway"]
[WhiteTeamCountry "ESP"]
[BlackTeamCountry "NOR"]
[TimeControl "40/6000+30:20/3000+30:900+30"]

1. e4 e5 2. Nf3 Nc6 3. d4 exd4 4. Nxd4 Nf6 5. Nxc6 bxc6 6. e5 Qe7 7. Qe2 Nd5 8.
c4 Ba6 9. b3 g6 10. Ba3 Qg5 11. g3 Bxa3 12. Nxa3 O-O-O 13. Qe4 Qe7 14. Nc2 f5
15. Qd4 Nb4 16. Nxb4 Qxb4+ 17. Qd2 Qc5 18. f4 d6 19. b4 Qb6 20. c5 Qb7 21. Bxa6
Qxa6 22. cxd6 cxd6 23. exd6 Rhe8+ 24. Kf2 Rxd6 25. Qxd6 Qe2+ 26. Kg1 Qe3+ 27.
Kg2 Qe2+ 28. Kg1 1/2-1/2

[Event "Tata Steel Chess, Group A"]
[Site "Wijk aan Zee, The Netherlands"]
[Date "2011.01.16"]
[Round "2"]
[White "Wang Hao"]
[Black "Nepomniachtchi, Ian"]
[Result "0-1"]
[ECO "E60"]
[WhiteElo "2731"]
[BlackElo "2733"]
[PlyCount "160"]
[EventDate "2011.01.14"]
[EventType "tourn"]
[EventRounds "13"]
[EventCountry "NED"]
[EventCategory "20"]
[Source "Wijk aan Zee"]
[SourceDate "2011.01.30"]
[WhiteTeam "China"]
[BlackTeam "Russia"]
[WhiteTeamCountry "CHN"]
[BlackTeamCountry "RUS"]
[TimeControl "40/6000+30:20/3000+30:900+30"]

1. d4 Nf6 2. c4 g6 3. f3 d6 4. Nc3 e5 5. dxe5 dxe5 6. Qxd8+ Kxd8 7. Bg5 Be7 8.
O-O-O+ Nbd7 9. Nh3 h6 10. Be3 c6 11. Nf2 Kc7 12. Nd3 b6 13. g3 Ba6 14. b3 Rae8
15. Bh3 Bc8 16. Kc2 Bf8 17. f4 exf4 18. Bxf4+ Kb7 19. b4 g5 20. Bc1 Ne5 21.
Bxc8+ Kxc8 22. Nxe5 Rxe5 23. Rhf1 Re6 24. Kb3 Be7 25. b5 Rd8 26. bxc6 Rxd1 27.
Rxd1 Rxc6 28. Nb5 Re6 29. e3 a6 30. Nd4 Re5 31. Rf1 Kd7 32. Nf5 Ke6 33. Ng7+
Kd7 34. Nf5 Ke6 35. Ng7+ Kd7 36. Kc2 Ne4 37. Nf5 Ra5 38. Bb2 Rxa2 39. Rd1+ Ke8
40. Kb3 Ra5 41. Nxh6 Nc5+ 42. Kc2 Ra4 43. Nf5 Rxc4+ 44. Kb1 g4 45. Rd5 Ne6 46.
Be5 Rc6 47. e4 f6 48. Bb2 Nc7 49. Rd3 Rc4 50. Rd4 Rxd4 51. Bxd4 b5 52. Nh6 Ne6
53. Be3 Nc5 54. Bxc5 Bxc5 55. Nxg4 Kf7 56. h4 Kg6 57. Kc2 a5 58. h5+ Kg5 59. h6
Bf8 60. h7 Bg7 61. Ne3 Kg6 62. Nd5 Kxh7 63. Nc7 b4 64. Kb3 Bf8 65. Nd5 Kg6 66.
Ka4 Bd6 67. Kxa5 b3 68. Nc3 Be5 69. Kb4 b2 70. Nb1 Kg5 71. Kc4 Kg4 72. Kd3 Kxg3
73. Ke3 Bf4+ 74. Ke2 Bc1 75. Nc3 Kf4 76. Kd3 Kf3 77. Kc2 Bf4 78. Nb1 Kxe4 79.
Kxb2 Kd3 80. Kb3 Be5 0-1

[Event "Tata Steel Chess, Group A"]
[Site "Wijk aan Zee, The Netherlands"]
[Date "2011.01.17"]
[Round "3"]
[White "Carlsen, Magnus"]
[Black "Giri, Anish"]
[Result "0-1"]
[ECO "D76"]
[WhiteElo "2814"]
[BlackElo "2686"]
[PlyCount "44"]
[EventDate "2011.01.14"]
[EventType "tourn"]
[EventRounds "13"]
[EventCountry "NED"]
[EventCategory "20"]
[Source "Wijk aan Zee"]
[SourceDate "2011.01.30"]
[WhiteTeam "Norway"]
[BlackTeam "Netherlands"]
[WhiteTeamCountry "NOR"]
[BlackTeamCountry "NED"]
[TimeControl "40/6000+30:20/3000+30:900+30"]

1. d4 Nf6 2. c4 g6 3. g3 Bg7 4. Bg2 d5 5. cxd5 Nxd5 6. Nf3 Nb6 7. Nc3 Nc6 8. e3
O-O 9. O-O Re8 10. Re1 a5 11. Qd2 e5 12. d5 Nb4 13. e4 c6 14. a3 cxd5 15. axb4
axb4 16. Rxa8 bxc3 17. bxc3 Nxa8 18. exd5 Nb6 19. Rd1 e4 20. Ng5 e3 21. Qb2
Qxg5 22. Bxe3 Qg4 0-1

[Event "Tata Steel Chess, Group A"]
[Site "Wijk aan Zee, The Netherlands"]
[Date "2011.01.17"]
[Round "3"]
[White "Kramnik, Vladimir"]
[Black "Wang Hao"]
[Result "1/2-1/2"]
[ECO "E25"]
[WhiteElo "2784"]
[BlackElo "2731"]
[PlyCount "92"]
[EventDate "2011.01.14"]
[EventType "tourn"]
[EventRounds "13"]
[EventCountry "NED"]
[EventCategory "20"]
[Source "Wijk aan Zee"]
[SourceDate "2011.01.30"]
[WhiteTeam "Russia"]
[BlackTeam "China"]
[WhiteTeamCountry "RUS"]
[BlackTeamCountry "CHN"]
[TimeControl "40/6000+30:20/3000+30:900+30"]

1. d4 Nf6 2. c4 e6 3. Nc3 Bb4 4. f3 d5 5. a3 Bxc3+ 6. bxc3 c5 7. cxd5 Nxd5 8.
dxc5 Qa5 9. e4 Ne7 10. Be3 O-O 11. Qb3 Qc7 12. Bb5 Nec6 13. Ne2 Na5 14. Qa4 a6
15. Bd3 Nd7 16. Bc2 Nxc5 17. Qb4 Nd7 18. O-O Nc6 19. Qb2 Nce5 20. Bf2 b5 21.
Rfd1 Bb7 22. Qb4 Rfc8 23. Qe7 Nc5 24. Qxc7 Rxc7 25. Bg3 f6 26. a4 bxa4 27. Bxa4
Kf7 28. Bc2 Rac8 29. Rdb1 Rd7 30. Bf2 g5 31. Bd4 Ncd3 32. Rb6 Rcc7 33. h4 h6
34. hxg5 hxg5 35. Rd1 Nf4 36. Nxf4 gxf4 37. Bb3 Rc6 38. Ra1 Rxb6 39. Bxb6 Rd2
40. Rb1 Bc6 41. c4 Nd3 42. Ba5 Rb2 43. Rxb2 Nxb2 44. c5 Nd3 45. Bc4 Nxc5 46.
Bb4 Nd7 1/2-1/2

[Event "Tata Steel Chess, Group A"]
[Site "Wijk aan Zee, The Netherlands"]
[Date "2011.01.17"]
[Round "3"]
[White "L'Ami, Erwin"]
[Black "Anand, Viswanathan"]
[Result "1/2-1/2"]
[ECO "E11"]
[WhiteElo "2628"]
[BlackElo "2810"]
[PlyCount "61"]
[EventDate "2011.01.14"]
[EventType "tourn"]
[EventRounds "13"]
[EventCountry "NED"]
[EventCategory "20"]
[Source "Wijk aan Zee"]
[SourceDate "2011.01.30"]
[WhiteTeam "Netherlands"]
[BlackTeam "India"]
[WhiteTeamCountry "NED"]
[BlackTeamCountry "IND"]
[TimeControl "40/6000+30:20/3000+30:900+30"]

1. d4 Nf6 2. c4 e6 3. Nf3 Bb4+ 4. Bd2 a5 5. Nc3 b6 6. e3 Bb7 7. Bd3 O-O 8. O-O
d5 9. cxd5 exd5 10. Ne5 Nbd7 11. f4 c5 12. a3 Bxc3 13. Bxc3 c4 14. Bc2 b5 15.
Rf3 Ra6 16. Rg3 Qe7 17. Qe1 Rfa8 18. Rd1 Nb6 19. Ng4 Nxg4 20. Rxg4 Nd7 21. e4
dxe4 22. d5 f6 23. Bxe4 Re8 24. Qg3 Nc5 25. Bf5 Nd3 26. Bxd3 cxd3 27. Qxd3 Rd6
28. Re1 Qd7 29. Rxe8+ Qxe8 30. f5 Rxd5 31. Rd4 1/2-1/2

[Event "Tata Steel Chess, Group A"]
[Site "Wijk aan Zee, The Netherlands"]
[Date "2011.01.17"]
[Round "3"]
[White "Nepomniachtchi, Ian"]
[Black "Grischuk, Alexander"]
[Result "1/2-1/2"]
[ECO "B90"]
[WhiteElo "2733"]
[BlackElo "2773"]
[PlyCount "46"]
[EventDate "2011.01.14"]
[EventType "tourn"]
[EventRounds "13"]
[EventCountry "NED"]
[EventCategory "20"]
[Source "Wijk aan Zee"]
[SourceDate "2011.01.30"]
[WhiteTeam "Russia"]
[BlackTeam "Russia"]
[WhiteTeamCountry "RUS"]
[BlackTeamCountry "RUS"]
[TimeControl "40/6000+30:20/3000+30:900+30"]

1. e4 c5 2. Nf3 d6 3. d4 cxd4 4. Nxd4 Nf6 5. Nc3 a6 6. f3 e5 7. Nb3 Be6 8. Be3
Nbd7 9. Qd2 b5 10. O-O-O h5 11. Kb1 Rc8 12. g3 Nb6 13. Bxb6 Qxb6 14. Nd5 Bxd5
15. exd5 g6 16. Bh3 Bh6 17. f4 Rc4 18. Qa5 Qxa5 19. Nxa5 Re4 20. fxe5 Rxe5 21.
Rhe1 Rxe1 22. Rxe1+ Kf8 23. Nb7 Kg7 1/2-1/2

[Event "Tata Steel Chess, Group A"]
[Site "Wijk aan Zee, The Netherlands"]
[Date "2011.01.17"]
[Round "3"]
[White "Smeets, Jan"]
[Black "Ponomariov, Ruslan"]
[Result "0-1"]
[ECO "C18"]
[WhiteElo "2662"]
[BlackElo "2744"]
[PlyCount "80"]
[EventDate "2011.01.14"]
[EventType "tourn"]
[EventRounds "13"]
[EventCountry "NED"]
[EventCategory "20"]
[Source "Wijk aan Zee"]
[SourceDate "2011.01.30"]
[WhiteTeam "Netherlands"]
[BlackTeam "Ukraine"]
[WhiteTeamCountry "NED"]
[BlackTeamCountry "UKR"]
[TimeControl "40/6000+30:20/3000+30:900+30"]

1. e4 e6 2. d4 d5 3. Nc3 Bb4 4. e5 c5 5. a3 Bxc3+ 6. bxc3 Qc7 7. Qg4 f5 8. Qg3
Nc6 9. Nf3 cxd4 10. cxd4 Nge7 11. Bd2 O-O 12. Bd3 Bd7 13. O-O Be8 14. c4 dxc4
15. Bxc4 Nxd4 16. Nxd4 Qxc4 17. Bb4 Rf7 18. Qc3 Qxc3 19. Bxc3 Nd5 20. Bd2 Bd7
21. Rfc1 Rff8 22. a4 a5 23. Rcb1 b6 24. Ne2 Rfc8 25. Nf4 Nxf4 26. Bxf4 Rc4 27.
Be3 Bxa4 28. Rxb6 Bc6 29. f3 a4 30. Rc1 Bd5 31. Rxc4 Bxc4 32. Rb7 a3 33. Ra7
Rxa7 34. Bxa7 f4 35. g3 g5 36. Kg2 Bd5 37. Kf2 Kf7 38. gxf4 gxf4 39. Ke2 a2 40.
Bd4 Ke8 0-1

[Event "Tata Steel Chess, Group A"]
[Site "Wijk aan Zee, The Netherlands"]
[Date "2011.01.17"]
[Round "3"]
[White "Vachier Lagrave, Maxime"]
[Black "Aronian, Levon"]
[Result "1/2-1/2"]
[ECO "D39"]
[WhiteElo "2715"]
[BlackElo "2805"]
[PlyCount "42"]
[EventDate "2011.01.14"]
[EventType "tourn"]
[EventRounds "13"]
[EventCountry "NED"]
[EventCategory "20"]
[Source "Wijk aan Zee"]
[SourceDate "2011.01.30"]
[WhiteTeam "France"]
[BlackTeam "Armenia"]
[WhiteTeamCountry "FRA"]
[BlackTeamCountry "ARM"]
[TimeControl "40/6000+30:20/3000+30:900+30"]

1. d4 Nf6 2. c4 e6 3. Nf3 d5 4. Nc3 dxc4 5. e4 Bb4 6. Bg5 c5 7. dxc5 Qxd1+ 8.
Rxd1 Nbd7 9. Rd4 h6 10. Bd2 Bxc5 11. Rxc4 e5 12. Nxe5 Bxf2+ 13. Kxf2 Nxe5 14.
Rc5 O-O 15. h3 Rd8 16. Bf4 Ng6 17. Be3 Bd7 18. Be2 Bc6 19. Rc4 a6 20. Rd1 Rxd1
21. Bxd1 Re8 1/2-1/2